 Dungeon Crawl Stone Soup version 0.20.1-1-g8b1a95d (webtiles) character file.

4305 Monsterracer the Destroyer (level 10, 0/88 HPs)
             Began as a Naga Wizard on Aug 22, 2017.
             Was a Follower of Cheibriados.
             Slain by a hippogriff (5 damage)
             ... on level 8 of the Dungeon.
             The game lasted 00:27:08 (11388 turns).

Monsterracer the Destroyer (Naga Wizard)           Turns: 11388, Time: 00:27:08

Health: 0/88       AC:  5    Str: 13    XL:     10   Next: 32%
Magic:  1/18       EV: 10    Int: 25    God:    Cheibriados [*.....]
Gold:   399        SH:  0    Dex: 12    Spells: 9/20 levels left

rFire    + . .     SeeInvis +   a - +1 spear
rCold    . . .     Gourm    .   (no shield)
rNeg     . . .     Faith    .   q - +0 robe
rPois    +         Spirit   .   d - +1 hat
rElec    .         Reflect  .   (no cloak)
rCorr    .         Harm     .   (no gloves)
MR       ++...                  (no barding)
Stlth    ++++......             I - amulet of magic regeneration
Regen    0.3/turn               s - ring of protection from fire
MPRegen  0.3/turn               y - ring of protection from magic

@: very slow
A: see invisible, deformed body, poison resistance, slowness 2, slow metabolism
1, spit poison 1, AC +3
a: Spit Poison, Bend Time, Renounce Religion


You were on level 8 of the Dungeon.
You worshipped Cheibriados.
Cheibriados was aware of your devotion.
You were not hungry.

You visited 2 branches of the dungeon, and saw 9 of its levels.

You collected 399 gold pieces.

Inventory:

Hand Weapons
 a - a +1 spear (weapon)
Missiles
 e - 403 stones (quivered)
 j - 4 throwing nets
Armour
 d - a +1 hat (worn)
 n - a +0 ring mail
 q - a +0 robe (worn)
 u - a +0 buckler
Magical Staves
 z - an uncursed staff of cold
Jewellery
 s - a ring of protection from fire (left hand)
 y - a ring of protection from magic (right hand)
 I - an amulet of magic regeneration (around neck)
Wands
 b - a wand of polymorph (10/24)
 w - a wand of flame (15/48)
 B - a wand of scattershot (4/9)
 E - a wand of flame (25/48)
Scrolls
 c - 2 scrolls of teleportation
 g - 2 scrolls of enchant weapon
 i - 2 scrolls of remove curse
 m - 2 scrolls of enchant armour
 t - 2 scrolls of fear
 J - a scroll of magic mapping {unknown}
Potions
 h - a potion of haste
 k - 3 potions of mutation
 l - 2 potions of resistance
 o - a potion of lignification
 p - 5 potions of curing
 v - a potion of heal wounds
 A - 2 potions of degeneration {unknown}
 C - a potion of agility
 D - a potion of invisibility {unknown}
 F - a potion of magic {unknown}
 G - a potion of brilliance {unknown}
 H - a potion of ambrosia {unknown}
Comestibles
 f - 8 bread rations
 r - 6 meat rations
 x - 3 royal jellies


   Skills:
 + Level 5.5 Fighting
 * Level 3.3 Polearms
 - Level 1.5 Dodging
 - Level 9.0 Stealth
 + Level 0.0 Shields
 - Level 5.7 Spellcasting
 - Level 10.0 Conjurations
 - Level 1.0 Summonings
 - Level 1.0 Translocations
 + Level 3.7 Invocations


You had 9 spell levels left.
You knew the following spells:

 Your Spells              Type           Power        Failure   Level  Hunger
a - Magic Dart            Conj           ####         1%          1    None
b - Conjure Flame         Conj/Fire      ####....     3%          3    #......
c - Mephitic Cloud        Conj/Pois/Air  ###.....     6%          3    #......
d - Call Imp              Summ           ##......     8%          2    None
e - Blink                 Tloc           N/A          8%          2    None


Dungeon Overview and Level Annotations

Branches:
Dungeon (8/15)             Temple (1/1) D:7
   Lair: D:8-11

Altars:
Ashenzari
Cheibriados
Dithmenos
Elyvilon
Fedhas
Gozag
Hepliaklqana
Kikubaaqudgha
Makhleb
Nemelex Xobeh
Okawaru
Qazlal
Ru
Sif Muna
Trog
Uskayaw
Vehumet
Xom
Yredelemnul
Zin
The Shining One

Shops:
D:4 !

Annotations:
D:3 Maskull's ghost, novice HOFi


Innate Abilities, Weirdness & Mutations

You cannot wear boots.
Your serpentine skin is tough. (AC +3)
You have supernaturally acute eyesight. (SInv)
Armour fits poorly on your strangely shaped body.
Your system is resistant to poisons. (rPois)
You cover ground very slowly.
You have a slow metabolism.
You can spit poison.


Message History

* * * LOW MAGIC WARNING * * *
The hippogriff bites you.
* * * LOW HITPOINT WARNING * * *
The hippogriff pecks you.
* * * LOW HITPOINT WARNING * * *
The hippogriff claws you but does no damage.
Huge Dmg: -7%(-7hp) hp: 18%(15hp)
Casting: Magic Dart
Confirm with . or Enter, or press ? or * to list all spells.
Aiming: Magic Dart
Press: ? - help, Shift-Dir - straight line, f/p - hippogriff
Aim: a hippogriff (severely wounded)
The magic dart hits the hippogriff.
The hippogriff is severely wounded.
* * * LOW MAGIC WARNING * * *
You have got your breath back.
The hippogriff bites you!
* * * LOW HITPOINT WARNING * * *
The hippogriff pecks you.
You die...

.##.....##..######...##..###..###
###.....##..######...##..###..###
.##.....#.....#..................
..#>....#.....#..................
..'.....###########.###.####.##.#
..#.....##..######..###.####.##.#
.######'##...#................#..
.##.....##...#................#..
.##..........').@.............#..
###..........#..H.............'..
.##)....######..##..##..#########
.##.....##..##..##..##..###..###.
..#.................#..........>.
..#..............#.......#.......
'##.....##..###.###.#######..###.
.##.....##..#######.###..##..####
........#.................)..#...


You could see a hippogriff.

Vanquished Creatures
  Pikel (D:5)
  Psyche (D:8)
  Grinder (D:3)
  Prince Ribbit (D:8)
  A hippogriff (D:7)
  Edmund (D:5)
  2 water moccasins
  A phantom (D:8)
  A sky beast (D:8)
  2 orc warriors (D:8)
  3 ice beasts
  3 slaves (D:5)
  3 ogres
  A centaur (D:6)
  5 bullfrogs
  A scorpion (D:8)
  A wyvern skeleton (D:8)
  A water moccasin skeleton (D:7)
  4 killer bees (D:7)
  An electric eel (D:6)
  5 crimson imps
  A quasit (D:6)
  2 hounds
  3 orc priests
  3 jellies
  2 orc wizards
  A centaur skeleton (D:8)
  2 bullfrog skeletons
  2 iguanas
  5 worker ants
  9 gnolls
  A howler monkey skeleton (D:4)
  9 adders
  2 shadow imps
  An adder skeleton (D:7)
  7 worms
  2 dart slugs
  8 leopard geckos
  14 orcs
  9 bats
  3 giant cockroaches
  15 goblins
  11 hobgoblins
  12 jackals
  7 kobolds
  4 quokkas
  3 frilled lizards
  A leopard gecko zombie (D:8)
  8 rats
187 creatures vanquished.

Vanquished Creatures (others)
  An orc wizard (D:5)
  A leopard gecko (D:5)
2 creatures vanquished.

Grand Total: 189 creatures vanquished

Notes
Turn   | Place    | Note
-------+----------+-------------------------------------------
     0 | D:1      | Monsterracer the Naga Wizard began the quest for the Orb.
     0 | D:1      | Reached XP level 1. HP: 15/15 MP: 4/4
   336 | D:1      | Reached skill level 2 in Conjurations
   336 | D:1      | Reached XP level 2. HP: 20/22 MP: 1/6
   387 | D:1      | Learned a level 2 spell: Call Imp
   390 | D:1      | Learned a level 2 spell: Blink
  1118 | D:2      | Reached XP level 3. HP: 28/28 MP: 5/7
  1123 | D:2      | Learned a level 3 spell: Conjure Flame
  1269 | D:2      | Reached skill level 3 in Conjurations
  1944 | D:2      | Reached XP level 4. HP: 36/36 MP: 0/8
  2184 | D:2      | Reached skill level 4 in Conjurations
  2877 | D:3      | Noticed Maskull's ghost (novice HOFi)
  2995 | D:3      | Noticed Grinder
  3018 | D:3      | HP: 17/36 [Grinder/nerve-wracking pain (9)]
  3021 | D:3      | Killed Grinder
  3021 | D:3      | Reached skill level 5 in Conjurations
  3021 | D:3      | Reached XP level 5. HP: 14/42 MP: 2/9
  3021 | D:3      | Reached XP level 6. HP: 17/49 MP: 2/10
  3225 | D:3      | Learned a level 3 spell: Mephitic Cloud
  3650 | D:4      | HP: 22/49 [bullfrog (6)]
  4021 | D:4      | Reached skill level 5 in Stealth
  4237 | D:4      | Reached skill level 6 in Conjurations
  4436 | D:4      | Found Zuylobb's Distillery.
  4575 | D:4      | Found a shadowy altar of Dithmenos.
  4721 | D:4      | Reached XP level 7. HP: 54/55 MP: 6/11
  4888 | D:5      | Entered Level 5 of the Dungeon
  4958 | D:5      | Noticed Edmund
  4986 | D:5      | HP: 20/56 [Edmund/dire flail of draining (11)]
  4990 | D:5      | Killed Edmund
  4990 | D:5      | Reached skill level 1 in Fighting
  5160 | D:5      | Found a glowing drain.
  5175 | D:5      | Noticed Pikel
  5230 | D:5      | Killed Pikel
  5230 | D:5      | Reached skill level 7 in Conjurations
  5230 | D:5      | Reached XP level 8. HP: 40/68 MP: 1/14
  5474 | D:5      | HP: 30/68 [ogre/giant spiked club (10)]
  6184 | D:6      | Reached skill level 8 in Conjurations
  6601 | D:6      | Reached XP level 9. HP: 66/76 MP: 5/15
  7425 | D:7      | Noticed Prince Ribbit
  7437 | D:7      | HP: 38/78 [Prince Ribbit (15)]
  7453 | D:7      | HP: 39/78 [jackal (3)]
  7462 | D:7      | HP: 38/78 [jackal (1)]
  7472 | D:7      | HP: 32/78 [orc wizard/magic dart (4)]
  7855 | D:7      | Found a staircase to the Ecumenical Temple.
  7869 | Temple   | Entered the Ecumenical Temple
  8121 | Temple   | Became a worshipper of Cheibriados the Contemplative
  8226 | D:7      | HP: 38/78 [killer bee (7)]
  8431 | D:7      | Reached skill level 9 in Conjurations
  8664 | D:7      | Reached skill level 1 in Polearms
  8736 | D:7      | HP: 34/79 [hippogriff (7)]
  8738 | D:7      | Reached skill level 5 in Spellcasting
  8738 | D:7      | Reached skill level 1 in Invocations
  9345 | D:8      | Killed Prince Ribbit
  9491 | D:8      | HP: 32/80 [ice beast (10)]
  9740 | D:8      | Reached skill level 5 in Fighting
  9790 | D:8      | HP: 40/81 [bullfrog skeleton (6)]
  9791 | D:8      | Reached XP level 10. HP: 44/88 MP: 0/18
  9840 | D:8      | Reached * piety under Cheibriados
 10530 | D:8      | Noticed Psyche
 10545 | D:8      | Killed Psyche
 10625 | D:8      | Reached skill level 10 in Conjurations
 10879 | D:7      | HP: 39/88 [orc warrior/hand axe of electrocution (10)]
 11383 | D:8      | HP: 44/88 [hippogriff (8)]
 11387 | D:8      | HP: 18/88 [hippogriff (4)]
 11388 | D:8      | HP: 5/88 [hippogriff (10)]
 11388 | D:8      | Slain by a hippogriff

Skill      XL: |  1  2  3  4  5  6  7  8  9 10 |
---------------+-------------------------------+-----
Conjurations   | 2 3 5 6 7 8 9 10 | 10.0
Stealth        | 4 5 7 8 9 |  9.0
Fighting       | 2 3 5 |  5.5
Spellcasting   | 4 5 |  5.7
Polearms       | 2 3 |  3.3
Invocations    | 2 3 |  3.7
Dodging        | |  1.5
Summonings     | |  1.0
Translocations | |  1.0

Action                   |  1- 3 |  4- 6 |  7- 9 | 10-12 || total
-------------------------+-------+-------+-------+-------++-------
Melee: Mace              |    33 |       |       |       ||    33
       Spear             |    14 |    55 |    41 |    46 ||   156
       Dagger            |       |    21 |       |       ||    21
       Rapier            |       |     7 |    94 |       ||   101
Throw: Stone             |     1 |       |     1 |       ||     2
 Cast: Magic Dart        |    59 |    61 |   251 |   136 ||   507
       Call Imp          |       |     2 |     6 |       ||     8
       Conjure Flame     |       |     1 |    10 |     2 ||    13
       Mephitic Cloud    |       |       |    20 |     4 ||    24
       Blink             |       |       |     1 |       ||     1
 Abil: Spit Poison       |    17 |    24 |    20 |     5 ||    66
  Use: Scroll            |     3 |    11 |     6 |       ||    20
 Stab: Distracted        |     1 |     2 |       |       ||     3
       Sleeping          |       |     7 |     2 |       ||     9
  Eat: Chunk             |     3 |     8 |    16 |     3 ||    30
Armor: Robe              |    22 |    15 |   102 |    12 ||   151
Dodge: Dodged            |    58 |    59 |   162 |    32 ||   311
